 Dungeon Crawl Stone Soup version 0.27.1-3-gb3d3a73c9e (webtiles) character file.

Game seed: 17137066490573541497

56211 scsoc the Severer (level 14, -3/127 (129) HPs)
             Began as a Minotaur Fighter on Oct 28, 2021.
             Was a High Priest of Qazlal.
             Slain by an orc warrior (13 damage)
             ... on level 2 of the Orcish Mines.
             The game lasted 00:57:58 (19544 turns).

scsoc the Severer (Minotaur Fighter)               Turns: 19544, Time: 00:58:01

HP:   -3/127 (129)  AC: 30    Str: 24    XL:     14   Next: 41%
MP:   0/13          EV: 14    Int:  5    God:    Qazlal [*****.]
Gold: 1348          SH: 15    Dex: 12    Spells: 13/13 levels left

rFire    . . .     SeeInvis .   H - +1 broad axe (drain)
rCold    . . .     Faith    .   G - +1 buckler {rN+}
rNeg     + . .     Spirit   +   v - +2 plate armour
rPois    .         Reflect  .   (helmet restricted)
rElec    .         Harm     .   C - +1 cloak
rCorr    .         Rampage  .   L - +0 pair of gloves
Will     ++...     Clarity  +   B - +2 pair of boots
Stlth    ..........             E - amulet of guardian spirit
HPRegen  0.31/turn              j - +4 ring of evasion
MPRegen  0.13/turn              n - ring of willpower

@: about to teleport, protected from physical damage, studying 2 skills, lightly
drained, repel missiles
A: horns 2, retaliatory headbutt, iridescent scales 1, clarity, sturdy frame 1
a: Renounce Religion, Upheaval, Elemental Force, Disaster Area


You were on level 2 of the Orcish Mines.
You worshipped Qazlal.
Qazlal was extremely pleased with you.
You visited 3 branches of the dungeon, and saw 18 of its levels.

You collected 1348 gold pieces.

Inventory:

Hand Weapons
 a - a +0 war axe of flaming
 H - a +1 broad axe of draining (weapon)
Missiles
 o - 3 throwing nets (quivered)
Armour
 v - a +2 plate armour (worn)
 B - a +2 pair of boots (worn)
 C - a +1 cloak (worn)
 G - a +1 buckler of positive energy (worn)
 L - a +0 pair of gloves (worn)
Jewellery
 j - a +4 ring of evasion (left hand)
 n - a ring of willpower (right hand)
 E - an amulet of guardian spirit (around neck)
Wands
 b - a wand of mindburst (9)
 f - a wand of iceblast (14)
 h - a wand of flame (57)
 k - a wand of acid (14)
 r - a wand of digging (5)
 s - a wand of paralysis (37)
 P - a wand of charming (10)
Scrolls
 d - a scroll of summoning
 g - a scroll of fog
 i - 7 scrolls of teleportation
 l - a scroll of holy word
 u - a scroll of amnesia
 y - a scroll of blinking
 F - a scroll of silence
 J - 2 scrolls of magic mapping
Potions
 c - 3 potions of heal wounds
 e - a potion of haste
 m - 2 potions of curing
 q - a potion of invisibility
 t - 5 potions of brilliance
 x - 2 potions of mutation
 z - 2 potions of magic
 A - a potion of attraction
 D - a potion of berserk rage
 I - 4 potions of might
 K - 3 potions of lignification
 M - 3 potions of flight
 N - a potion of resistance


   Skills:
 + Level 13.2 Fighting
 + Level 19.6 Axes
 + Level 13.0 Armour
 + Level 6.6 Dodging
 + Level 2.2 Stealth
 + Level 15.5 Shields


You had 13 spell levels left.
You didn't know any spells.
Your spell library contained the following spells:

 Spells                   Type           Power      Damage    Failure   Level
 Magic Dart               Conj           0%         1d3       97%         1
 Blink                    Tloc           N/A        N/A       99%         2
 Call Imp                 Summ           0%         N/A       99%         2
 Lesser Beckoning         Tloc           0%         N/A       100%        3
 Mephitic Cloud           Conj/Pois/Air  0%         N/A       100%        3
 Stone Arrow              Conj/Erth      0%         3d7       100%        3
 Bolt of Magma            Conj/Fire/Erth 0%         4d4       100%        5
 Fireball                 Conj/Fire      0%         3d3       100%        5
 Iskenderun's Battlesphe  Conj           0%         2d6       100%        5
 Manifold Assault         Tloc           0%         N/A       100%        5
 Summon Forest            Summ/Tloc      0%         N/A       100%        5
 Conjure Ball Lightning   Conj/Air       0%         3x3d6     100%        6
 Eringya's Noxious Bog    Tmut/Pois      0%         N/A       100%        6
 Orb of Destruction       Conj           0%         N/A       100%        7
 Storm Form               Tmut/Air       0%         N/A       100%        7
 Summon Hydra             Summ           0%         N/A       100%        7
 Discord                  Hex            0%         N/A       100%        8
 Disjunction              Tloc           0%         N/A       100%        8
 Shatter                  Erth           0%         3d5*      100%        9


Dungeon Overview and Level Annotations

Branches:
Dungeon (15/15)            Temple (1/1) D:6            Lair (0/6) D:10
    Orc (2/2) D:9             Elf (0/3) Orc:2        Vaults (0/5) D:14
 Depths (0/5) D:15

Altars:
Ashenzari
Cheibriados
Dithmenos
Elyvilon
Fedhas
Gozag
Hepliaklqana
Kikubaaqudgha
Makhleb
Nemelex Xobeh
Okawaru
Qazlal
Ru
Sif Muna
Trog
Uskayaw
Vehumet
Wu Jian
Xom
Yredelemnul
Zin
The Shining One

Shops:
D:3 *:   D:8 [   D:10 :[   D:11 :

Annotations:
D:7 Ekaitz's ghost, novice MfIE
D:10 Maurice


Innate Abilities, Weirdness & Mutations

You have a pair of horns on your head.
You reflexively headbutt those who attack you in melee.
You are partially covered in iridescent scales. (AC +2)
You possess an exceptional clarity of mind.
Your movements are slightly less encumbered by armour. (ER -2)


Message History

You hear a shout! x2
You block the soul eater's attack.
An orc knight comes into view. It is wielding a +0 dire flail.
An orc comes into view. It is wielding a +0 falchion.
You block the orc knight's attack.
You barely miss the orc knight. You headbutt the orc knight.
The orc knight is lightly wounded.
You completely miss the soul eater.
You hear a shout!
The orc no longer looks unusually strong. x2
The orc warlord roars a battlecry!
The orcs go into a battle-frenzy!
The orc warrior hits you from afar with a +2 vampiric halberd.
You feel more protected from physical attacks.
You block the soul eater's attack.
You slash the orc knight!
You headbutt the orc knight, but do no damage.
The orc knight is moderately wounded.
You slash something! Qazlal accepts your kill.
Reactivating autopickup.
You feel a bit more experienced.
You hit the soul eater.
The orc knight roars a battlecry! x2
You block the orc warrior's attack.
The orc knight hits you with a +0 dire flail!!
* * * LOW HITPOINT WARNING * * *
Okay, then.
As you read the scroll of teleportation, it crumbles to dust.
You feel strangely unstable.
You hear a shout!
You block the soul eater's attack.
The orc knight roars a battlecry!
The orc knight is struck by lightning.
The orc knight hits you from afar with a +0 bardiche!
* * * LOW HITPOINT WARNING * * *
The orc high priest mumbles some strange prayers to Beogh.
An orc priest comes into view. It is wielding a +0 war axe.
You block the orc knight's attack.
The orc warrior hits you from afar with a +2 vampiric halberd!
You die...

...... #.##
......##### ###...#
........#.# ##....#
..........### #....##
##.........#####....#
###.......###.##....##
..#..............§###
...........##...).#
.......########)@##
.......##.###..3o°#
...........#..°☼o4oo.
.......##.###.#.ooo..#
........### ####o...##
......)).# #o.o##
....))).#### #..o.
...#.).)...# ....oo
..###.)<.#.###


You could see an orc warlord (strong), 3 orc knights, a soul eater (summoned), 2
orc high priests, a hellwing (summoned), 2 orc warriors, an orc priest (strong)
and 4 orcs.

Vanquished Creatures
  Jorgrun (D:14)
  Frances (D:12)
  Azrael (D:15)
  A dire elephant (D:15)
  Snorg (D:12)
  The ghost of GlazedDonut the Fighter, a journeyman MiBe of Trog (D:11)
  A vault guard (D:14)
  3 hydras
  2 boulder beetles
  Erolcha (D:12)
  A catoblepas (D:14)
  8 centaur warriors
  4 two-headed ogres
  A tengu warrior (D:13)
  An orc high priest (Orc:1)
  Sonja (D:11)
  Nergalle (D:12)
  9 skeletal warriors
  A deep elf pyromancer (D:15)
  An orc knight (D:15)
  2 wolf spiders (D:15)
  4 ugly things
  3 orc sorcerers (Orc:2)
  4 cyclopes
  2 manticores
  A guardian serpent (shapeshifter) (D:15)
  3 gargoyles
  2 rime drakes (D:12)
  2 kobold demonologists
  A rime drake (shapeshifter) (D:13)
  2 freezing wraiths
  4 komodo dragons
  2 tengu conjurers (D:15)
  6 trolls
  A yaktaur (D:14)
  A meliai (D:14)
  A merfolk (D:15)
  A raiju (shapeshifter) (D:15)
  6 slime creatures
  2 vampires
  A basilisk (D:12)
  2 wyverns
  4 fire elementals (D:15)
  15 yaks
  3 steam dragons
  15 vampire mosquitoes
  2 wargs
  4 hell hounds (D:15)
  4 water moccasins
  20 orc warriors
  A black bear (shapeshifter) (D:14)
  2 necrophages
  An ice beast (D:5)
  3 boggarts (D:14)
  2 black bears
  9 centaurs
  3 sky beasts
  5 ogres
  A phantom (D:5)
  3 kobold brigands (D:14)
  5 bullfrogs
  A gnoll sergeant (D:9)
  A scorpion (D:6)
  A water moccasin zombie (D:6)
  11 wights
  An oklob sapling (D:6)
  5 howler monkeys
  4 electric eels
  A bullfrog zombie (D:5)
  2 centaur zombies
  6 hounds
  12 orc priests
  3 jellies
  A gnoll shaman (D:4)
  2 bullfrog skeletons
  Ijyb (D:5)
  23 orc wizards
  13 gnolls
  4 adders
  A white imp (D:8)
  An ufetubus (D:6)
  An adder zombie (D:5)
  3 worms (D:2)
  A dart slug (D:4)
  66 orcs
  A bat skeleton (D:2)
  12 endoplasms
  2 giant cockroaches
  5 goblins
  7 hobgoblins
  3 quokkas
  4 ball pythons
  5 bats
  4 frilled lizards
  5 kobolds
  6 rats
415 creatures vanquished.

Vanquished Creatures (others)
  2 boggarts (D:14)
  An orc wizard (Orc:2)
  30 fungi (D:10)
  45 plants
  A withered plant (D:2)
79 creatures vanquished.

Grand Total: 494 creatures vanquished

Notes
Turn   | Place    | Note
-------+----------+-------------------------------------------
     0 | D:1      | scsoc the Minotaur Fighter began the quest for the Orb.
     0 | D:1      | Reached XP level 1. HP: 19/19 MP: 0/0
   175 | D:1      | Reached XP level 2. HP: 23/27 MP: 1/1
   431 | D:1      | Found a faded altar of an unknown god.
   887 | D:2      | Reached skill level 3 in Axes
  1053 | D:2      | Found an iron altar of Okawaru.
  1095 | D:2      | Reached XP level 3. HP: 32/32 MP: 2/2
  2023 | D:3      | Noticed a black bear
  2027 | D:3      | Killed a black bear
  2028 | D:3      | Reached skill level 4 in Axes
  2028 | D:3      | Reached XP level 4. HP: 36/41 MP: 3/3
  2028 | D:3      | Reached XP level 5. HP: 41/47 MP: 4/4
  2127 | D:3      | Found Daduekh's Assorted Antiques.
  2137 | D:3      | Reached skill level 1 in Dodging
  2322 | D:3      | Found Pajadgh's Book Boutique.
  2680 | D:4      | Reached skill level 5 in Axes
  2681 | D:4      | Reached XP level 6. HP: 33/53 MP: 5/5
  2687 | D:4      | Reached skill level 5 in Armour
  2970 | D:4      | Reached skill level 5 in Shields
  3615 | D:5      | Entered Level 5 of the Dungeon
  3646 | D:5      | Reached XP level 7. HP: 60/60 MP: 6/6
  3751 | D:5      | Reached skill level 6 in Axes
  3975 | D:5      | Reached skill level 5 in Fighting
  4095 | D:5      | Noticed Ijyb
  4105 | D:5      | Killed Ijyb
  4145 | D:5      | Reached skill level 7 in Axes
  4601 | D:5      | Reached XP level 8. HP: 24/69 MP: 7/7
  5054 | D:6      | Reached skill level 8 in Axes
  5059 | D:6      | Noticed a troll
  5065 | D:6      | Killed a troll
  5529 | D:6      | Identified the +2 robe of the Worm {+Blink rElec Will-
                  | SInv}
  5643 | D:6      | Found a staircase to the Ecumenical Temple.
  5663 | D:6      | Reached skill level 9 in Axes
  5892 | Temple   | Entered the Ecumenical Temple
  5941 | Temple   | Became a worshipper of Qazlal Stormbringer
  6512 | D:7      | Reached skill level 1 in Stealth
  6512 | D:7      | Reached XP level 9. HP: 78/78 MP: 8/8
  6519 | D:7      | Noticed Ekaitz's ghost (novice MfIE)
  6520 | D:7      | Found a transporter.
  6523 | D:7      | Noticed a two-headed ogre
  6545 | D:7      | Found a transporter.
  6585 | D:7      | Noticed a purple ugly thing
  6604 | D:7      | Killed a purple ugly thing
  6610 | D:7      | Reached skill level 10 in Axes
  7697 | D:8      | Reached * piety under Qazlal
  8014 | D:8      | Found Ucagech's Armour Shop.
  8102 | D:8      | Reached skill level 11 in Axes
  8417 | D:8      | Identified 2 scrolls of acquirement
  8417 | D:8      | Acquired a manual of Axes
  8419 | D:8      | Acquired a manual of Dodging
  8444 | D:9      | Reached XP level 10. HP: 60/86 MP: 5/9
  8950 | D:9      | Found a staircase to the Orcish Mines.
  8956 | D:9      | Reached ** piety under Qazlal
  8962 | D:9      | Reached skill level 12 in Axes
  9150 | D:9      | Gained mutation: Your movements are slightly less
                  | encumbered by armour. (ER -2) [potion of mutation]
  9150 | D:9      | Gained mutation: You possess an exceptional clarity of
                  | mind. [potion of mutation]
  9150 | D:9      | Gained mutation: You are partially covered in iridescent
                  | scales. (AC +2) [potion of mutation]
  9153 | D:10     | Entered Level 10 of the Dungeon
  9272 | D:10     | Reached skill level 13 in Axes
  9752 | D:10     | Found a staircase to the Lair.
 10005 | D:10     | Reached skill level 14 in Axes
 10005 | D:10     | Reached skill level 10 in Shields
 10093 | D:10     | Found Faigatov's Book Shoppe.
 10097 | D:10     | Reached XP level 11. HP: 94/95 MP: 10/10
 10139 | D:10     | Found Yronunn's Antique Armour Emporium.
 10465 | D:10     | Found a radiant altar of Vehumet.
 10518 | D:10     | Noticed a two-headed ogre
 10523 | D:10     | Killed a two-headed ogre
 10639 | D:10     | Noticed Maurice
 11109 | D:11     | Found a white marble altar of Elyvilon.
 11408 | D:11     | Found Suhuefonoi's Book Emporium.
 11414 | D:11     | Reached skill level 10 in Armour
 11416 | D:11     | Reached skill level 15 in Axes
 11465 | D:11     | Found a runed translucent door.
 11479 | D:11     | Noticed GlazedDonut's ghost (journeyman MiBe)
 11531 | D:11     | Killed GlazedDonut's ghost
 11703 | D:11     | Noticed Sonja
 11724 | D:11     | Killed Sonja
 12541 | D:12     | Noticed Nergalle
 12555 | D:12     | Killed Nergalle
 12556 | D:12     | Reached skill level 16 in Axes
 12666 | D:12     | Reached *** piety under Qazlal
 12684 | D:12     | Noticed Frances
 12697 | D:12     | Noticed a soul eater
 12701 | D:12     | Killed Frances
 12702 | D:12     | Reached XP level 12. HP: 57/105 MP: 6/11
 13006 | D:12     | Noticed an eight-headed hydra
 13020 | D:12     | Killed a two-headed hydra
 13021 | D:12     | Reached skill level 5 in Dodging
 13161 | D:12     | Noticed a two-headed ogre
 13170 | D:12     | Killed a two-headed ogre
 13204 | D:12     | Noticed a boulder beetle
 13221 | D:12     | Killed a boulder beetle
 13222 | D:12     | Reached skill level 17 in Axes
 13329 | D:12     | Noticed Erolcha
 13335 | D:12     | Killed Erolcha
 13336 | D:12     | Reached skill level 10 in Fighting
 13803 | D:12     | Noticed Snorg
 13813 | D:12     | Killed Snorg
 13922 | D:13     | Noticed a centaur warrior
 13930 | D:13     | Killed a centaur warrior
 13947 | D:13     | Noticed a centaur warrior
 13949 | D:13     | Noticed a tengu warrior
 13958 | D:13     | Killed a tengu warrior
 13959 | D:13     | Reached skill level 18 in Axes
 13965 | D:13     | Killed a centaur warrior
 14019 | D:13     | Noticed a centaur warrior
 14027 | D:13     | Killed a centaur warrior
 15044 | D:13     | Reached XP level 13. HP: 113/116 MP: 10/12
 15476 | D:13     | Reached **** piety under Qazlal
 16370 | D:14     | Found a gate to the Vaults.
 16508 | D:14     | Reached skill level 19 in Axes
 16861 | D:14     | Noticed Jorgrun
 16886 | D:14     | Killed Jorgrun
 17127 | D:15     | Entered Level 15 of the Dungeon
 17517 | D:15     | Reached XP level 14. HP: 127/127 MP: 13/13
 17576 | D:15     | Reached skill level 15 in Shields
 17701 | D:15     | Noticed Azrael
 17745 | D:15     | Killed Azrael
 18279 | D:15     | Found a staircase to the Depths.
 18803 | Orc:1    | Entered Level 1 of the Orcish Mines
 18820 | Orc:1    | Reached ***** piety under Qazlal
 19280 | Orc:2    | Entered Level 2 of the Orcish Mines
 19280 | Orc:2    | Found a staircase to the Elven Halls.
 19536 | Orc:2    | Noticed an orc warlord
 19544 | Orc:2    | Slain by an orc warrior

Illustrated notes

Levels and vault maps discovered:
D:1:      heliophobic_arrival_ceremonial_halls, layout_loops_cross,
          chequers_ecumenical_altar_island, hangedman_glass_garden
D:2:      layout_loops_ring, basic_altar, serial_undead, serial_undead_b,
          serial_undead_e, serial_undead_b, serial_undead_b
D:3:      layout_basic, serial_shops, shop, nicolae_shop_crystal,
          grunt_ministairs_14
D:4:      layout_basic, grunt_ministairs_15
D:5:      layout_basic, uniq_ijyb
D:6:      layout_loops_cross, minmay_temple_entry_oklob
D:7:      layout_basic, gammafunk_ghost_arena
D:8:      layout_loops_ring, serial_shops, shop,
          amcnicky_mini_rare_corridor_liquid, minmay_misc_feat_plants,
          chequers_garden, minmay_manual_mares
D:9:      layout_big_octagon, orc_david_3, columned_hall_lemuel
D:10:     layout_stronghold, vehumet_altar_wand_db, due_lair_maze_entry_diamond,
          serial_shops, nicolae_shop_temple_entry_statues_fountains,
          minivault_23, minivault_26, dk_noncrumbling_3, dk_vineyard_1,
          grunt_ministairs_15, nicolae_wooded_promenade, chequers_big_river,
          uniq_maurice
D:11:     layout_basic, serial_shops, shop, ebering_ghost_reflecting_pool,
          nicolae_elyvilon_temple_path, uniq_sonja
D:12:     layout_basic, portal_ice_cave_rime, uniq_frances, uniq_nergalle,
          uniq_snorg, uniq_erolcha
D:13:     layout_stronghold, onia_ninara_dug_in_and_dangerous
D:14:     layout_irregular_city, david_vaults_5, serial_column_ruins,
          column_ruins_columns_straight, column_ruins_open_small,
          column_ruins_open_small_water, column_ruins_open_medium,
          column_ruins_corridor_dead_end, uniq_jorgrun
D:15:     hangedman_depths_entry_try_elsewhere_first, layout_loops_ring,
          hangedman_decor_peaks_small, hangedman_decor_opposing, uniq_azrael
Temple:   compressed_dpeg_triangle_lava_temple
Orc:1:    layout_caves, lightli_orcish_oven
Orc:2:    st_orc_congregation, layout_diamond_mine

Skill      XL: |  1  2  3  4  5  6  7  8  9 10 11 12 13 14 |
---------------+-------------------------------------------+-----
Armour         | 4 5 6 7 8 9 10 11 12 13 | 13.0
Axes           | 3 4 5 7 9 11 14 16 18 19 | 19.6
Fighting       | 4 5 6 7 8 9 11 12 13 | 13.2
Shields        | 4 5 6 8 10 11 13 14 15 | 15.5
Dodging        | 1 2 3 4 5 6 |  6.6
Stealth        | 1 2 |  2.2

Action                   |  1- 3 |  4- 6 |  7- 9 | 10-12 | 13-15 || total
-------------------------+-------+-------+-------+-------+-------++-------
Melee: War axe           |    84 |    75 |   212 |   141 |    11 ||   523
       Headbutt          |     6 |    11 |    58 |   119 |   117 ||   311
       Broad axe         |       |       |       |   401 |   464 ||   865
  Use: Scroll            |     3 |     2 |     8 |     6 |     9 ||    28
       Potion            |     1 |     3 |     2 |     9 |     1 ||    16
Armor: Scale mail        |    27 |    12 |     5 |       |       ||    44
       Chain mail        |       |       |    12 |       |       ||    12
       Plate armour      |       |       |    68 |   205 |   137 ||   410
Dodge: Dodged            |    26 |    33 |    64 |   166 |   150 ||   439
       Repelled          |       |       |       |       |     5 ||     5
Block: Kite shield       |    43 |    45 |   125 |   312 |       ||   525
       Buckler           |       |       |       |    87 |   264 ||   351
